 Dungeon Crawl Stone Soup version 0.28.0-47-ge53b351184 (webtiles) character file.

Game seed: 8870923631530275006

254 Eitelfritz the Sneak (level 6, -1/36 HPs)
             Began as a Kobold Brigand on Apr 27, 2022.
             Splashed by a jelly's acid (11 damage)
             ... on level 4 of the Dungeon.
             The game lasted 00:05:25 (2636 turns).

Eitelfritz the Sneak (Kobold Brigand)               Turns: 2636, Time: 00:05:26

Health: -1/36      AC: -5    Str:  8    XL:     6   Next: 37%
Magic:  6/6        EV: 15    Int: 13    God:
Gold:   173        SH:  0    Dex: 18    Spells: 5/5 levels left

rFire   . . .      SeeInvis .   a - +0 dagger (drain)
rCold   . . .      Faith    .   (no shield)
rNeg    + . .      Spirit   .   b - +0 robe
rPois   .          Reflect  .   (no helmet)
rElec   .          Harm     .   c - +0 cloak
rCorr   .          Rampage  .   (no gloves)
Will    .....                   (no boots)
Stlth   +++++.....              i - amulet of the acrobat
HPRegen 0.12/turn               n - ring of flight
MPRegen 0.10/turn               p - ring of positive energy

@: corroded, flying
A: small, no large weapons, nightstalker 3
a: no special abilities


You were on level 4 of the Dungeon.
You visited 1 branch of the dungeon, and saw 4 of its levels.

You collected 173 gold pieces.

Inventory:

Hand Weapons
 a - a +0 dagger of draining (weapon)
 s - a +2 dagger
Missiles
 d - 11 poisoned darts (quivered)
 e - 2 curare-tipped darts
 l - a throwing net
Armour
 b - a +0 robe (worn)
 c - a +0 cloak (worn)
Jewellery
 i - an amulet of the acrobat (around neck)
 n - a ring of flight (left hand)
 p - a ring of positive energy (right hand)
 t - a ring of resist corrosion
Wands
 u - a wand of flame (11)
Scrolls
 g - a scroll of magic mapping
Potions
 f - a potion of brilliance {unknown}
 j - 2 potions of haste
 m - a potion of curing {unknown}
 q - a potion of degeneration {unknown}


   Skills:
 + Level 2.9 Fighting
 + Level 4.9 Short Blades
 + Level 2.3 Throwing
 + Level 2.7 Dodging
 + Level 7.8 Stealth


You had 5 spell levels left.
You didn't know any spells.
Your spell library contained the following spells:

 Spells                   Type           Power      Damage    Failure   Level
 Blink                    Tloc           0%         N/A       43%         2
 Gell's Gravitas          Tloc           0%         N/A       67%         3
 Lesser Beckoning         Tloc           0%         N/A       67%         3
 Teleport Other           Tloc           0%         N/A       67%         3
 Passage of Golubria      Tloc           0%         N/A       97%         4
 Manifold Assault         Tloc           0%         N/A       100%        5
 Silence                  Hex/Air        0%         N/A       100%        5
 Storm Form               Tmut/Air       0%         N/A       100%        7
 Lehudib's Crystal Spear  Conj/Erth      0%         10d2      100%        8


Dungeon Overview and Level Annotations

Branches:
Dungeon (4/15)
 Temple: D:4-7

Altars:

Shops:
D:1 (   D:3 [


Innate Abilities, Weirdness & Mutations

You are small and have problems with some larger weapons.
You are completely attuned to the shadows.


Message History

You kill the adder!
The adder misses you.
You hit the adder.
The adder is lightly wounded.
The adder misses you.
You hit the adder. You drain the adder.
The adder is heavily wounded.
The adder barely misses you.
You hit the adder. You drain the adder.
The adder is severely wounded.
The adder barely misses you.
You hit the adder but do no damage.
The adder is severely wounded.
The adder bites you.
You barely miss the adder.
The adder is severely wounded.
The adder completely misses you.
You hit the adder. You drain the adder.
You kill the adder!
There is a stone staircase leading down here.
You start resting.
HP restored.
You fly downwards.
The jelly hits you. The acid corrodes you!
You are splashed with acid.
There is a stone staircase leading up here.
You hit the jelly. You drain the jelly. The acid corrodes you!
Your hands burn!
The jelly is moderately wounded.
The jelly barely misses you.
You hit the jelly. You drain the jelly.
Your hands burn!
The jelly is heavily wounded.
The jelly barely misses you.
You hit the jelly but do no damage.
Your hands burn!
The jelly is heavily wounded.
You hit the jelly but do no damage.
Your hands burn!
The jelly is heavily wounded.
The jelly hits you. The acid corrodes you!
You are splashed with acid!
The jelly hits you.
* * * LOW HITPOINT WARNING * * *
The acid corrodes you!
You are splashed with acid!
You die...

....##.#
#.#.........
#...J)# #.....
##..#.# #.#...
......###....#.
##.##.........g
#. ##.#.......
#.........
####.@....
#.J....
........
#...#.#.. #...
.#..


You could see a jelly (drained) and a goblin.

Vanquished Creatures
  A phantom (D:3)
  A scorpion (D:3)
  A hound skeleton (D:2)
  6 adders
  An adder zombie (D:2)
  An adder skeleton (D:2)
  2 worms (D:2)
  3 bats
  A bat skeleton (D:2)
  2 endoplasms (D:1)
  3 giant cockroaches (D:2)
  3 goblins
  4 hobgoblins
  2 quokkas (D:1)
  3 ball pythons (D:1)
  A ball python skeleton (D:2)
  2 ball python zombies (D:2)
  2 frilled lizards (D:3)
  A jackal skeleton (D:2)
  4 kobolds
  4 rats
48 creatures vanquished.

Notes
Turn   | Place    | Note
-------+----------+-------------------------------------------
     0 | D:1      | Eitelfritz the Kobold Brigand began the quest for the Orb.
     0 | D:1      | Reached XP level 1. HP: 12/12 MP: 1/1
    62 | D:1      | Reached XP level 2. HP: 13/18 MP: 2/2
   400 | D:1      | Reached skill level 6 in Stealth
   424 | D:1      | Found Xuoromis's Antique Weapon Shoppe.
   675 | D:2      | Reached XP level 3. HP: 22/22 MP: 3/3
  1246 | D:2      | Reached XP level 4. HP: 26/27 MP: 4/4
  1346 | D:2      | Reached skill level 7 in Stealth
  1766 | D:3      | Reached XP level 5. HP: 30/31 MP: 5/5
  1926 | D:3      | Found Ymer's Antique Armour Shoppe.
  2259 | D:3      | Noticed a phantom
  2261 | D:3      | Killed a phantom
  2262 | D:3      | Reached XP level 6. HP: 36/36 MP: 6/6
  2636 | D:4      | Splashed by a jelly's acid

Illustrated notes

Levels and vault maps discovered:
D:1:      roderic_octagonal_star, layout_rooms, serial_shops, shop, st_stairs_4,
          minmay_shallow_snake_nest
D:2:      layout_loops_ring, serial_undead, serial_undead_b, serial_undead_c,
          serial_undead_a, serial_undead_a
D:3:      layout_loops_ring, serial_shops, nicolae_shop_trees,
          minmay_misc_feat_x
D:4:      layout_cave_pools, dk_xom_monty_hall, fiery_altar_vehumet,
          minmay_temple_entry_junction_2, minmay_fractal_squares_5,
          uniq_menkaure, uniq_ijyb, uniq_natasha

Skill      XL: |  1  2  3  4  5 |
---------------+----------------+-----
Stealth        | 6 7 |  7.8
Short Blades   | 3 4 |  4.9
Dodging        | 2 |  2.7
Fighting       | |  2.9
Throwing       | |  2.3

Action                   |  1- 3 |  4- 6 || total
-------------------------+-------+-------++-------
Melee: Dagger            |    96 |    83 ||   179
       Punch             |     1 |     1 ||     2
  Use: Scroll            |       |     5 ||     5
 Stab: Sleeping          |    14 |     8 ||    22
Armor: Robe              |    17 |    13 ||    30
Dodge: Dodged            |    52 |    73 ||   125
